 Dungeon Crawl Stone Soup version 0.21-a0-394-gdc75ea7 (webtiles) character file.

90377 rand the Impaler (level 15, -1/124 HPs)
             Began as a Mummy Wanderer on Oct 18, 2017.
             Was a High Priest of Okawaru.
             Slain by an anaconda (10 damage)
             ... on level 1 of the Snake Pit.
             The game lasted 01:10:47 (35029 turns).

rand the Impaler (Mummy Wanderer)                  Turns: 35029, Time: 01:10:48

Health: -1/124     AC: 28    Str: 21    XL:     15   Next: 52%
Magic:  21/21      EV: 11    Int: 14    God:    Okawaru [*****.]
Gold:   426        SH:  0    Dex: 13    Spells: 14/14 levels left

rFire    + . .     SeeInvis .   K - +4 glaive (vamp)
rCold    . . .     Gourm    .   (shield currently unavailable)
rNeg     + + +     Faith    .   B - +7 fire dragon scales of Day {rF++ rC- Int+3}
rPois    ∞         Spirit   .   f - +2 helmet
rElec    .         Reflect  .   D - +2 cloak
rCorr    .         Harm     .   a - +0 pair of gloves
MR       ++...                  l - +0 pair of boots
Stlth    ..........             n - amulet of regeneration
HPRegen  0.70/turn              W - +4 ring of evasion
MPRegen  0.17/turn              r - ring of protection from magic

@: very slightly contaminated, constricted
A: no food or potions, fire vulnerability, cold resistance 1, negative energy
resistance 3, torment resistance, unbreathing, in touch with death 1
a: Heroism, Finesse, Renounce Religion


You were on level 1 of the Snake Pit.
You worshipped Okawaru.
Okawaru was extremely pleased with you.
You were not hungry.

You visited 5 branches of the dungeon, and saw 25 of its levels.
You visited 1 bazaar.
You also visited: Labyrinth.

You collected 2371 gold pieces.
You spent 1945 gold pieces at shops.

Inventory:

Hand Weapons
 j - the +3 bardiche "Umyis" {drain, -Tele rElec Dex+10 Stlth-}
   (Okawaru gifted it to you on level 5 of the Lair of Beasts)

   A truly terrible weapon, it drains the life of those it strikes.
   It affects your dexterity (+10).
   It insulates you from electricity.
   It prevents most forms of teleportation.
   It makes you less stealthy.
 K - a +4 vampiric glaive (weapon)
Missiles
 d - 559 stones (quivered)
 g - a throwing net
 L - 6 steel javelins
Armour
 a - a +0 pair of gloves (worn)
 f - a +2 helmet (worn)
 l - a +0 pair of boots (worn)
 B - the +7 fire dragon scales of Day (worn) {rF++ rC- Int+3}
   (You bought it in a shop on level 2 of the Orcish Mines)

   It affects your intelligence (+3).
   It greatly protects you from fire.
   It makes you vulnerable to cold.
 D - a +2 cloak (worn)
 O - the +0 hat "Ycemem" {MR+ rCorr}
   (Okawaru gifted it to you on level 11 of the Dungeon)

   It affects your resistance to hostile enchantments.
   It protects you from acid and corrosion.
 V - a +0 cloak of magic resistance
Jewellery
 i - an uncursed ring of see invisible
 m - a +3 amulet of reflection
 n - an amulet of regeneration (around neck)
 r - a ring of protection from magic (right hand)
 t - an uncursed ring of wizardry
 u - an uncursed ring of stealth
 N - an uncursed ring of ice
 W - a +4 ring of evasion (left hand)
Wands
 b - a wand of iceblast (1/15)
 k - a wand of confusion (37/48)
 p - a wand of random effects (23/48)
 q - a wand of disintegration (13/24)
 v - a wand of lightning (7/15)
 w - a wand of lightning (7/15)
 G - a wand of digging (9/24)
 P - a wand of random effects (8/48)
 Q - a wand of clouds (2/9)
 T - a wand of confusion (18/48)
 U - a wand of confusion (35/48)
Scrolls
 e - 6 scrolls of amnesia
 h - 9 scrolls of remove curse
 s - a scroll of recharging
 H - 5 scrolls of magic mapping
 J - 6 scrolls of immolation
 S - a scroll of silence
Books
 x - a book of Necromancy

   Spells                             Type                      Level
   a - Pain                           Necromancy                   1
   b - Animate Skeleton               Necromancy                   1
   c - Vampiric Draining              Necromancy                   3
   d - Regeneration                   Charms/Necromancy            3
   e - Animate Dead                   Necromancy                   4
   f - Control Undead                 Necromancy                   4
Miscellaneous
 E - a box of beasts


   Skills:
 + Level 13.2 Fighting
   Level 1.5(10.4) Axes
 + Level 15.4 Polearms
 - Level 1.0 Throwing
 - Level 9.8 Armour
 + Level 0.6 Dodging
 - Level 1.0 Stealth
   Level 1.0 Shields
 - Level 5.2 Invocations
 - Level 8.6 Evocations


You had 14 spell levels left.
You didn't know any spells.

Dungeon Overview and Level Annotations

Branches:
Dungeon (15/15)            Temple (1/1) D:4            Lair (6/6) D:11
  Swamp (0/4) Lair:3        Snake (1/4) Lair:3        Slime (0/5) Lair:5
    Orc (2/2) D:9             Elf (0/3) Orc:2        Vaults (0/5) D:13
 Depths (0/5) D:15

Altars:
Ashenzari
Cheibriados
Dithmenos
Elyvilon
Fedhas
Gozag
Hepliaklqana
Kikubaaqudgha
Makhleb
Nemelex Xobeh
Okawaru
Qazlal
Ru
Sif Muna
Trog
Uskayaw
Vehumet
Wu Jian
Xom
Yredelemnul
Zin
The Shining One
Beogh

Shops:
D:4 }   D:9 *   Orc:2 =(*[

Annotations:
Lair:4 exclusion: oklob plant
Lair:6 exclusion: oklob plant
Snake:1 Kirke


Innate Abilities, Weirdness & Mutations

You do not eat or drink.
Your flesh is vulnerable to fire.
You are immune to poison.
Your flesh is cold resistant. (rC+)
You are immune to negative energy. (rN+++)
You are immune to unholy pain and torment.
You can survive without breathing.
You are in touch with the powers of death.


Message History

A salamander comes into view. It is wielding an enchanted long sword.
The mana viper hisses angrily.
The anaconda grabs you.
The anaconda bites you but does no damage.
The anaconda constricts you.
The mana viper bites you but does no damage.
The anaconda bites you.
* * * LOW HITPOINT WARNING * * *
The anaconda constricts you.
Kirke casts a spell.
Kirke summons some harpies!
The naga barely misses you. The mana viper closely misses you.
The hog bites you!
* * * LOW HITPOINT WARNING * * *
Unknown command.
You escape the anaconda's grasp.
The harpy screeches!
The naga spits poison at you. The splash of poison hits you! You resist.
The anaconda grabs you. The anaconda bites you!
You die...

..#
...#...###....#
..#
#...#..........#
#.#
#...#..†.......#
#S#
#........<...###
#S# #.(..#########
#..%..%# #!...
##### .......#
##.## #h..######
#...........
##N..@h...#
#...#......
#@SH.h....#
###...#..
#....S.NSH...#
.#..
...........S..####
####.
.........##..§..
....#..#.. .....
#...##..$...(...#
### ######.....#
...


You could see Kirke, an anaconda, a naga ritualist, 2 mana vipers, a black
mamba, 2 harpies, 3 hogs and a naga.

Vanquished Creatures
  Rupert (Lair:4)
  An orc warlord (Orc:2)
  A stone giant (Orc:1)
  Snorg (Lair:5)
  A fire dragon (Lair:6)
  A minotaur (Lab)
  A naga warrior (Snake:1)
  Fannar (D:11)
  3 hydras
  4 vault guards
  4 centaur warriors
  An ogre mage (D:15)
  3 orc high priests (Orc:2)
  A death yak (Lair:6)
  10 two-headed ogres
  An unseen horror (D:13)
  A swamp dragon (Lair:6)
  Pikel (D:5)
  A lindwurm (Lair:6)
  A wizard (D:14)
  3 orc knights
  4 manticores
  An orc sorcerer (Orc:2)
  A wolf spider (Lair:3)
  A faun (shapeshifter) (D:13)
  7 ugly things
  3 cyclopes
  A deep elf mage (D:15)
  2 elephants (Lair:6)
  A salamander (shapeshifter) (D:15)
  6 black mambas
  A gargoyle (D:15)
  Joseph (D:7)
  Psyche (D:11)
  13 spiny frogs
  4 kobold demonologists
  An efreet (D:14)
  A yaktaur (shapeshifter) (D:15)
  6 rime drakes
  13 komodo dragons
  A tengu conjurer (D:15)
  A hornet (Lair:3)
  2 polar bears (Lair:6)
  7 trolls
  4 blink frogs
  A meliai (shapeshifter) (D:15)
  A troll (shapeshifter) (D:15)
  Grinder (D:4)
  5 dream sheep
  3 slime creatures (D:15)
  9 hippogriffs
  A wraith (D:15)
  3 wyverns
  A spriggan (D:8)
  66 yaks
  2 vampires
  5 basilisks
  Grum (D:11)
  2 steam dragons (Lair:6)
  Eustachio (D:4)
  3 vampire mosquitoes (D:13)
  8 hungry ghosts
  4 nagas
  2 wargs
  2 acid dragons
  11 water moccasins
  7 porcupines
  3 ice beasts
  33 orc warriors
  A black bear (Lair:1)
  2 sky beasts
  2 hornet zombies
  A swamp drake (Lair:6)
  4 phantoms
  An eye of draining (D:12)
  2 necrophages
  2 boggarts (D:15)
  19 wolves
  16 ogres
  12 centaurs
  15 crocodiles
  3 big kobolds
  15 bullfrogs
  A gnoll sergeant (D:6)
  An elf skeleton (D:9)
  A wyvern skeleton (D:12)
  3 scorpions
  12 killer bees (D:9)
  A troll skeleton (D:9)
  11 wights
  3 electric eels
  8 crimson imps
  A bullfrog zombie (D:9)
  A howler monkey (D:6)
  A quasit (D:11)
  3 human zombies (D:9)
  Crazy Yiuf (D:7)
  5 centaur zombies
  2 gnoll shamans
  15 hounds
  8 jellies
  10 orc priests
  4 bullfrog skeletons
  18 orc wizards
  9 centaur skeletons
  6 iguanas
  A human skeleton (D:9)
  8 worker ants
  An ogre skeleton (D:9)
  6 mummies
  A howler monkey zombie (D:7)
  A worker ant zombie (D:5)
  25 adders
  14 gnolls
  6 shadow imps
  An ooze (D:2)
  An adder skeleton (D:4)
  2 worms (D:2)
  A dart slug (D:3)
  2 leopard geckos
  70 orcs
  2 ball pythons
  7 giant cockroaches
  12 hobgoblins
  8 jackals
  8 quokkas
  6 bats
  5 frilled lizards
  3 goblins
  2 hobgoblin zombies (D:5)
  25 kobolds
  2 orc zombies (D:5)
  16 rats
  A fungus (Orc:2)
757 creatures vanquished.

Vanquished Creatures (collateral kills)
  A hydra (Lair:5)
1 creature vanquished.

Vanquished Creatures (others)
  A boggart (D:15)
  An orc wizard (D:5)
  A worker ant (D:5)
  An orc (D:6)
  41 fungi
  41 plants
86 creatures vanquished.

Grand Total: 844 creatures vanquished

Notes
Turn   | Place    | Note
-------+----------+-------------------------------------------
     0 | D:1      | rand the Mummy Wanderer began the quest for the Orb.
     0 | D:1      | rand set off with: a +2 spear, a +0 ring mail, a scroll of teleportation
     0 | D:1      | Reached XP level 1. HP: 18/18 MP: 1/1
    11 | D:1      | Noticed a bullfrog
    67 | D:1      | Reached skill level 2 in Polearms
   323 | D:1      | Reached XP level 2. HP: 21/24 MP: 2/2
   996 | D:2      | Reached XP level 3. HP: 29/29 MP: 3/3
  1110 | D:2      | Found a faded altar of an unknown god.
  1454 | D:2      | Reached skill level 3 in Polearms
  1738 | D:3      | Found a glowing silver altar of Zin.
  1748 | D:3      | Reached XP level 4. HP: 30/35 MP: 4/4
  1946 | D:3      | Found a shadowy altar of Dithmenos.
  2122 | D:3      | Reached XP level 5. HP: 28/42 MP: 5/5
  2366 | D:3      | Reached skill level 4 in Polearms
  3132 | D:4      | Found a white marble altar of Elyvilon.
  3742 | D:4      | Reached XP level 6. HP: 36/49 MP: 6/6
  3882 | D:4      | Noticed Grinder
  3882 | D:4      | Paralysed by Grinder for 3 turns
  3891 | D:4      | Paralysed by Grinder for 6 turns
  3913 | D:4      | Killed Grinder
  3913 | D:4      | Reached skill level 5 in Polearms
  3968 | D:4      | Found a staircase to the Ecumenical Temple.
  3990 | Temple   | Entered the Ecumenical Temple
  4193 | Temple   | Became a worshipper of Warmaster Okawaru
  4319 | D:4      | Reached skill level 5 in Fighting
  4319 | D:4      | Reached XP level 7. HP: 44/56 MP: 7/7
  4454 | D:4      | Found a deep blue altar of Sif Muna.
  4454 | D:4      | Found a shattered altar of Ashenzari.
  4485 | D:4      | Found Rarghi's Gadget Shoppe.
  4531 | D:4      | Found a blossoming altar of Fedhas.
  4692 | D:5      | Entered Level 5 of the Dungeon
  4945 | D:5      | Reached * piety under Okawaru
  4945 | D:5      | Reached skill level 6 in Polearms
  5267 | D:5      | Noticed Pikel
  5370 | D:5      | Noticed Eustachio
  6108 | D:4      | Killed Eustachio
  6108 | D:4      | Reached XP level 8. HP: 59/64 MP: 6/8
  6195 | D:5      | Killed Pikel
  6195 | D:5      | Reached ** piety under Okawaru
  6195 | D:5      | Reached skill level 7 in Polearms
  6688 | D:6      | Reached skill level 8 in Polearms
  6706 | D:6      | HP: 2/67 [orc priest/divine providence (9)]
  7497 | D:5      | Reached XP level 9. HP: 43/72 MP: 7/9
  7933 | D:6      | Reached skill level 1 in Invocations
  8571 | D:6      | Reached skill level 1 in Armour
  8672 | D:6      | Found a blossoming altar of Fedhas.
  9456 | D:7      | Found an opulent altar of Gozag.
  9491 | D:7      | Reached *** piety under Okawaru
  9544 | D:7      | Noticed Joseph
  9579 | D:7      | Killed Joseph
  9579 | D:7      | Reached skill level 5 in Armour
 10294 | D:7      | Found a runed door.
 10299 | D:7      | Noticed Crazy Yiuf
 10308 | D:7      | Killed Crazy Yiuf
 10528 | D:8      | Reached skill level 1 in Evocations
 10611 | D:8      | Reached XP level 10. HP: 75/79 MP: 12/12
 10623 | D:8      | Found a stormy altar of Qazlal.
 11271 | D:8      | Got a fine ring mail
 11282 | D:8      | Identified the +0 ring mail "Ippiugiy" {rElec Slay+2} (You found it on level 8 of the Dungeon)
 11655 | D:9      | Reached **** piety under Okawaru
 11803 | D:9      | Found a staircase to the Orcish Mines.
 12049 | D:9      | Reached skill level 5 in Invocations
 12488 | D:9      | Found an ancient bone altar of Kikubaaqudgha.
 12553 | D:9      | Found a shattered altar of Ashenzari.
 12626 | D:9      | Found Tyrehasu's Tempting Trifles.
 12847 | D:9      | Reached skill level 5 in Evocations
 13154 | D:10     | Entered Level 10 of the Dungeon
 13251 | D:10     | Noticed a two-headed ogre
 13269 | D:10     | Killed a two-headed ogre
 13760 | D:10     | Noticed a two-headed ogre
 13773 | D:10     | Killed a two-headed ogre
 13773 | D:10     | Reached ***** piety under Okawaru
 13773 | D:10     | Reached skill level 9 in Polearms
 13773 | D:10     | Reached XP level 11. HP: 76/87 MP: 11/14
 14527 | D:11     | Noticed Grum
 14564 | D:11     | Noticed a cyan ugly thing
 14601 | D:10     | Killed a cyan ugly thing
 14987 | D:11     | Killed Grum
 15430 | D:11     | Noticed a green ugly thing
 15454 | D:11     | Killed a green ugly thing
 15454 | D:11     | Received a gift from Okawaru
 15518 | D:11     | Found a staircase to the Lair.
 15726 | D:11     | Reached skill level 10 in Polearms
 15785 | D:11     | Noticed Fannar
 16474 | D:11     | Noticed Psyche
 16494 | D:11     | Killed Psyche
 16766 | D:11     | Got a heavily runed leather armour
 16795 | D:11     | Identified the +4 leather armour of Fiterots {MR+} (You found it on level 11 of the Dungeon)
 16950 | D:11     | Killed Fannar
 16950 | D:11     | Received a gift from Okawaru
 16950 | D:11     | Reached skill level 11 in Polearms
 16954 | D:11     | Got a faintly glowing hat {god gift}
 17153 | D:11     | Identified the +0 hat "Ycemem" {MR+ rCorr} (Okawaru gifted it to you on level 11 of the Dungeon)
 17400 | Lair:1   | Entered Level 1 of the Lair of Beasts
 17483 | Lair:1   | Reached XP level 12. HP: 72/97 MP: 13/15
 17859 | Lair:1   | Identified the Guide on the Mountains and Feathers
 19505 | Lair:2   | Reached skill level 12 in Polearms
 20531 | Lair:2   | Identified a scroll of acquirement
 20860 | Lair:3   | Found a staircase to the Swamp.
 21185 | Lair:3   | Reached skill level 13 in Polearms
 21503 | Lair:3   | Found a staircase to the Snake Pit.
 21982 | Lair:3   | Gained mutation: You are in touch with the powers of death. [Mummy growth]
 21982 | Lair:3   | Reached XP level 13. HP: 85/103 MP: 14/16
 22386 | Lair:4   | Reached skill level 14 in Polearms
 22421 | Lair:4   | Noticed Rupert
 23141 | Lair:4   | Killed Rupert
 24013 | Lair:5   | Found a staircase to the Slime Pits.
 24064 | Lair:6   | Entered Level 6 of the Lair of Beasts
 24086 | Lair:5   | Received a gift from Okawaru
 24089 | Lair:5   | Got a slimy bardiche {god gift}
 24120 | Lair:5   | Identified the +3 bardiche "Umyis" {drain, -Tele rElec Dex+10 Stlth-} (Okawaru gifted it to you on level 5 of the Lair of Beasts)
 24415 | Lair:6   | Reached skill level 10 in Fighting
 25282 | Lair:6   | Noticed a fire dragon
 26635 | Lair:6   | Killed a fire dragon
 26635 | Lair:6   | Reached XP level 14. HP: 62/111 MP: 10/18
 27023 | Lair:5   | Noticed Snorg
 27188 | Lair:5   | Killed Snorg
 27188 | Lair:5   | Received a gift from Okawaru
 27191 | Lair:5   | Got a transparent ring mail {god gift}
 27213 | Lair:5   | Identified the +0 ring mail "Tidghiub" {Int+2} (Okawaru gifted it to you on level 5 of the Lair of Beasts)
 27807 | Orc:1    | Entered Level 1 of the Orcish Mines
 27952 | Orc:2    | Entered Level 2 of the Orcish Mines
 27954 | Orc:2    | Found Went's Jewellery Emporium.
 28059 | Orc:2    | Found Ohoel's General Store.
 28059 | Orc:2    | Noticed an orc warlord
 28065 | Orc:2    | Found Haroll's Antique Weapon Shoppe.
 28091 | Orc:2    | Found a labyrinth entrance.
 28097 | Lab      | Entered a labyrinth
 28419 | Lab      | Identified the Incunabulum of the Entourage and Attacks
 28427 | Lab      | Identified Gozugemo's Reference Book on Dislocation
 28438 | Lab      | Got a smoking turquoise ring
 28440 | Lab      | Identified the ring of Perchoeg {MR- Str+4 Int+4 Stlth+} (You found it in a labyrinth)
 28545 | Orc:2    | Found Yvarrue's Antique Armour Boutique.
 28643 | Orc:2    | Killed an orc warlord
 29038 | Orc:2    | Found a roughly hewn altar of Beogh.
 29073 | Orc:2    | Found a staircase to the Elven Halls.
 29434 | Orc:1    | Noticed a stone giant
 29451 | Orc:1    | Killed a stone giant
 29898 | Orc:2    | Bought jewelled fire dragon scales for 1755 gold pieces
 29908 | Orc:2    | Identified the +7 fire dragon scales of Day {rF++ rC- Int+3} (You bought it in a shop on level 2 of the Orcish Mines)
 30614 | D:12     | Found a gateway to a bazaar.
 30737 | Bazaar   | Entered a bazaar
 30754 | Bazaar   | Found Pian's Magic Scroll Shoppe.
 30769 | Bazaar   | Found Ipuziof's Assorted Antiques.
 30797 | Bazaar   | Found Obuavaor's Jewellery Emporium.
 30797 | Bazaar   | Found Daaloerr's Weapon Shoppe.
 30924 | Bazaar   | Bought a small steel ring for 95 gold pieces
 30926 | Bazaar   | Bought an opal ring for 95 gold pieces
 31089 | D:13     | Found a gate to the Vaults.
 32545 | D:14     | Reached XP level 15. HP: 115/122 MP: 18/21
 32742 | D:14     | Reached skill level 15 in Polearms
 32755 | D:14     | Received a gift from Okawaru
 33122 | D:15     | Entered Level 15 of the Dungeon
 34276 | D:15     | Received a gift from Okawaru
 34359 | D:15     | Found a staircase to the Depths.
 34690 | Snake:1  | Entered Level 1 of the Snake Pit
 35027 | Snake:1  | Noticed Kirke
 35029 | Snake:1  | Slain by an anaconda

Vault maps used:
D:1:      evilmike_arrival_come_back, dk_noncrumbling_4
D:2:      chequers_ecumenical_altar_lobes, hex_large
D:3:      old_standard_altar, overflow_temple_1_default, first_bread
D:4:      overflow_temple_1_default, grunt_temple_overflow_open,
          minmay_temple_entry_grid, serial_shops, nicolae_shop_trees,
          minmay_misc_feat_roman, fedhas_altar_1, uniq_grinder
D:5:      dk_noncrumbling_3, minmay_mini_ossuary, uniq_pikel, uniq_eustachio
D:6:      basic_altar
D:7:      grunt_gozag_statues, uniq_joseph, uniq_crazy_yiuf_cottage
D:8:      the_bakery, grunt_qazlal_sundering
D:9:      lemuel_mausoleum_altar_kikubaaqudgha, david_orc_2, serial_park_tiny_2,
          grunt_ministairs_5, nicolae_alphabet_shops, lemuel_tele_altar
D:11:     lair_entry_dummy, minivault_22, uniq_psyche, uniq_fannar, uniq_grum
D:12:     serial_shops, bzr_entry_road
D:13:     lightli_vaults_fourway_checkpoint
D:14:     serial_aquarium, aquarium_bridge_square, aquarium_window_fake,
          aquarium_window_1, aquarium_view_2b, aquarium_view_2g,
          aquarium_balcony_3b, small_chamber_with_monster
D:15:     gammafunk_enter_depths_forms, serial_co_window_serial,
          co_window_corner_a, co_window_paths_a, co_window_corner_a,
          co_window_corner_a, co_window_paths_a, co_window_broadway_b,
          co_window_unsneaky_path_d, co_window_2corner, co_window_corner_b,
          grunt_decor_cap
Temple:   regret_index_temple_generic_petals
Lair:1:   nicolae_quartered_pool_little, serial_bayou_pond_e,
          serial_bayou_shore_b, grunt_megastairs_5
Lair:2:   grunt_megastairs_2, serial_bayou_shore_b
Lair:3:   minmay_lair_venomous_thicket, swamp_mist_pool,
          minmay_snake_entry_guardpost_small, serial_forest,
          infiniplex_forest_clump_double, infiniplex_forest_clump_small,
          infiniplex_forest_straight_4, infiniplex_forest_lined_room_,
          infiniplex_forest_3_way, infiniplex_forest_corner_1,
          infiniplex_forest_fountain, infiniplex_forest_end_2,
          infiniplex_forest_lined_2, wad_woods_road_03, beast_lair_carwin_7
Lair:4:   minivault_19, lemuel_fruit_tree, uniq_rupert
Lair:5:   slime_dummy, wad_woods_road_02, uniq_snorg
Lair:6:   hangedman_lair_in_review, guppyfry_lair_end_dragon, st_stairs_7,
          minmay_lair_oklob_chamber
Snake:1:  basic_altar, grunt_megastairs_1, uniq_kirke
Orc:2:    grunt_orc_gardens, grunt_orc_garden, grunt_orc_garden,
          grunt_orc_garden, grunt_orc_garden, lab_entry_generic, basic_altar
Lab:      nicolae_lab_dead_adventurers, nicolae_lab_quarters,
          nicolae_lab_starburst, nicolae_lab_t_cross, nicolae_lab_stuck,
          nicolae_lab_lava, nicolae_lab_statue, nicolae_lab_dead_end,
          labyrinth_skeletal_remains
Bazaar:   bazaar_long_row

Skill      XL: |  1  2  3  4  5  6  7  8  9 10 11 12 13 14 15 |
---------------+----------------------------------------------+-----
Polearms       | 2 3 4 5 6 8 9 11 13 14 15 | 15.4
Fighting       | 4 5 6 7 8 9 10 12 13 | 13.2
Invocations    | 2 5 |  5.2
Armour         | 5 7 9 |  9.8
Evocations     | 1 5 6 8 |  8.6
Axes           | |  1.5
Throwing       | |  1.0
Dodging        | |  0.6
Stealth        | |  1.0
Shields        | |  1.0

Action                   |  1- 3 |  4- 6 |  7- 9 | 10-12 | 13-15 || total
-------------------------+-------+-------+-------+-------+-------++-------
Melee: Spear             |   144 |   218 |   637 |   936 |       ||  1935
       Punch             |       |       |     7 |    15 |       ||    22
       Halberd           |       |       |       |   284 |       ||   284
       Glaive            |       |       |       |   203 |  1583 ||  1786
Throw: Stone             |       |     1 |     1 |       |     4 ||     6
Invok: Heroism           |       |       |    26 |    51 |    55 ||   132
       Finesse           |       |       |       |     1 |    11 ||    12
Evoke: Wand              |       |       |     3 |    10 |    24 ||    37
       Box of beasts     |       |       |       |       |     1 ||     1
  Use: Scroll            |     3 |     2 |     2 |    23 |    29 ||    59
 Stab: Paralysed         |       |       |       |    40 |       ||    40
       Distracted        |       |       |       |     1 |       ||     1
Armor: Ring mail         |    37 |    33 |       |       |       ||    70
       Chain mail        |       |    20 |   174 |       |       ||   194
       Scale mail        |       |       |    77 |   447 |   417 ||   941
       Fire dragon scale |       |       |       |       |   523 ||   523
Dodge: Dodged            |    52 |    56 |   170 |   437 |   846 ||  1561

Table legend:
 A = Spawn XP
 B = Non-spawn XP
 C = Spawn XP percentage of total XP
 D = Spawn monster count
 E = Non-spawn monster count
 F = Spawn count percentage of total count
 G = Total turns spent on level
                    A         B        C        D         E        F      G
               +---------+---------+-------+---------+---------+-------+---------
         Total |       0 |  129111 |   0.0 |       0 |     758 |   0.0 | 35029
               +---------+---------+-------+---------+---------+-------+---------
           D:1 |       0 |      37 |   0.0 |       0 |      26 |   0.0 |   967
           D:2 |       0 |      54 |   0.0 |       0 |      22 |   0.0 |   756
           D:3 |       0 |     283 |   0.0 |       0 |      39 |   0.0 |  1942
           D:4 |       0 |     691 |   0.0 |       0 |      14 |   0.0 |  1443
           D:5 |       0 |    1668 |   0.0 |       0 |      26 |   0.0 |  2552
           D:6 |       0 |    1349 |   0.0 |       0 |      31 |   0.0 |  1496
           D:7 |       0 |    1309 |   0.0 |       0 |      24 |   0.0 |  1117
           D:8 |       0 |    1102 |   0.0 |       0 |      18 |   0.0 |  1072
           D:9 |       0 |    2917 |   0.0 |       0 |      50 |   0.0 |  1585
          D:10 |       0 |    3690 |   0.0 |       0 |      31 |   0.0 |  1573
          D:11 |       0 |    8181 |   0.0 |       0 |      41 |   0.0 |  2727
          D:12 |       0 |    8670 |   0.0 |       0 |      38 |   0.0 |  1044
          D:13 |       0 |    6926 |   0.0 |       0 |      30 |   0.0 |   748
          D:14 |       0 |    8060 |   0.0 |       0 |      32 |   0.0 |  1140
          D:15 |       0 |   19199 |   0.0 |       0 |      59 |   0.0 |  1452
        Lair:1 |       0 |    3185 |   0.0 |       0 |      17 |   0.0 |  2131
        Lair:2 |       0 |    6336 |   0.0 |       0 |      25 |   0.0 |  1694
        Lair:3 |       0 |    7733 |   0.0 |       0 |      47 |   0.0 |  1126
        Lair:4 |       0 |    6852 |   0.0 |       0 |      23 |   0.0 |  1706
        Lair:5 |       0 |    6255 |   0.0 |       0 |      19 |   0.0 |  1112
        Lair:6 |       0 |   18433 |   0.0 |       0 |      64 |   0.0 |  2663
       Snake:1 |       0 |    2064 |   0.0 |       0 |       4 |   0.0 |   339
         Orc:1 |       0 |    3157 |   0.0 |       0 |      27 |   0.0 |   595
         Orc:2 |       0 |    9337 |   0.0 |       0 |      47 |   0.0 |  1175
           Lab |       0 |    1623 |   0.0 |       0 |       4 |   0.0 |   397
               +---------+---------+-------+---------+---------+-------+---------
